 Dungeon Crawl Stone Soup version 0.30.0-29-ga12c61a403 (webtiles) character file.

Game seed: 4686911581156439791

1 safid the Chiller (level 1, -2/13 HPs)
             Began as a Merfolk Ice Elementalist on June 5, 2023.
             Slain by a goblin
             ... wielding a +0 dagger
              (3 damage)
             ... on level 1 of the Dungeon.
             The game lasted 00:00:08 (43 turns).

safid the Chiller (Merfolk Ice Elementalist)          Turns: 43, Time: 00:00:09

Health: -2/13      AC:  2    Str:  8    XL:     1   Next: 20%
Magic:  0/3        EV:  9    Int: 14    God:
Gold:   0          SH:  0    Dex: 14    Spells: 3/4 levels left

rFire   . . .        (no weapon)
rCold   . . .        (no shield)
rNeg    . . .        a - +0 robe
rPois   .            (no helmet)
rElec   .            (no cloak)
rCorr   .            (no gloves)
SInv    .            (no boots)
Will    .....        (no amulet)
Stlth   ++           (no ring)
HPRegen 0.22/turn    (no ring)
MPRegen 0.08/turn

%: no passive effects
@: constricted
A: (nimble swimmer 2), mertail
a: no special abilities


You were on level 1 of the Dungeon.
You visited 1 branch of the dungeon, and saw 1 of its levels.

Inventory:

Armour
 a - a +0 robe (worn)
Potions
 b - a potion of magic


   Skills:
 + Level 2.7 Dodging
 + Level 2.2 Stealth
 + Level 2.0 Spellcasting
 + Level 4.4 Ice Magic


You had 3 spell levels left.
You knew the following spells:

 Your Spells              Type           Power      Damage    Failure   Level
a - Freeze                Ice            52%        1d6       4%          1

Your spell library contained the following spells:

 Spells                   Type           Power      Damage    Failure   Level
 Frozen Ramparts          Ice            26%        1d4       12%         3
 Ozocubu's Armour         Ice            13%        N/A       12%         3
 Summon Ice Beast         Ice/Summ       7%         N/A       67%         4


Dungeon Overview and Level Annotations

Branches:
Dungeon (1/15)

Altars:


Innate Abilities, Weirdness & Mutations

((You are very nimble when in or above water. (Stealth+, EV+, Speed+++)))
Your lower body shifts to a powerful aquatic tail in water.


Message History

Confirm with . or Enter, or press ? or * to list all spells.
Aiming: Freeze (safe; 4% risk of failure)
Press: ? - help, Shift-Dir - straight line, f/p - hobgoblin
Aim: a hobgoblin (severely wounded)
You freeze the hobgoblin.
You kill the hobgoblin!
Unknown command.
Casting: Freeze (safe; 4% risk of failure)
Confirm with . or Enter, or press ? or * to list all spells.
You don't have enough magic to cast this spell.
Unknown command.
You closely miss the ball python. The ball python bites you.
The ball python grabs you. The ball python constricts you.
You closely miss the ball python. The ball python misses you.
The ball python constricts you. The goblin closely misses you.
The hobgoblin shouts!
You hit the ball python but do no damage.
The ball python closely misses you. The ball python constricts you.
The goblin hits you with a +0 dagger.
You hit the ball python but do no damage.
The ball python bites you but does no damage.
The ball python constricts you. The goblin hits you but does no damage.
You closely miss the ball python. Your punch misses the ball python.
The ball python bites you. The ball python constricts you.
The ball python bites you.
* * * LOW HITPOINT WARNING * * *
The ball python constricts you. The goblin closely misses you.
You hit the ball python but do no damage.
The ball python barely misses you. The ball python constricts you.
The goblin misses you.
Your magical contamination has completely faded away.
You closely miss the ball python.
The ball python bites you but does no damage.
The ball python constricts you. The goblin hits you with a +0 dagger.
* * * LOW HITPOINT WARNING * * *
You hit the ball python.
The ball python is heavily wounded.
The ball python closely misses you. The ball python constricts you.
The goblin hits you with a +0 dagger.
You die...

#....###....#
#.....#.....#
#.#.8.#.8.#.#
#.#.......#.#
#.###...###.#
#...........#
#####...####
#..## #@##
......gS#
.......g.
..........
...........
............
.............
..............


You could see a hobgoblin, a goblin and a ball python.

Vanquished Creatures
  A hobgoblin (D:1)
1 creature vanquished.

Notes
Turn   | Place    | Note
-------+----------+-------------------------------------------
     0 | D:1      | safid the Merfolk Ice Elementalist began the quest for the
                  | Orb.
     0 | D:1      | Reached XP level 1. HP: 13/13 MP: 3/3
    43 | D:1      | Slain by a goblin

Illustrated notes

Levels and vault maps discovered:
D:1:      dpeg_arrival_court, layout_basic, minmay_misc_feat_tiny, st_stairs_8,
          minivault_11

Action                     || total
---------------------------++-------
  Melee: Unarmed           ||     8
   Cast: Freeze            ||     2
 Armour: Robe              ||     4
  Dodge: Dodged            ||     7
